 Dungeon Crawl Stone Soup version 0.24.1-4-ge52af88ad5 (webtiles) character file.

Game seed: 18328166844388240884, levelgen mode: deterministic

1866 Curus the Spear-Bearer (level 8, -3/56 HPs)
             Began as a Demonspawn Gladiator on Apr 19, 2020.
             Was a Priest of Yredelemnul.
             Slain by an orc warrior
             ... wielding a +0 short sword
              (13 damage)
             ... on level 6 of the Dungeon.
             The game lasted 00:38:19 (4331 turns).

Curus the Spear-Bearer (Demonspawn Gladiator)       Turns: 4331, Time: 00:38:20

Health: -3/56      AC: 10    Str: 18    XL:     8   Next: 90%
Magic:  8/8        EV: 16    Int: 11    God:    Yredelemnul [***...]
Gold:   166        SH:  0    Dex: 21    Spells: 7/7 levels left

rFire    + . .     SeeInvis +   a - +2 trident
rCold    + . .     Gourm    .   (no shield)
rNeg     + . .     Faith    .   s - +1 scale mail of the Shore {rElec rC+ rN+}
rPois    .         Spirit   .   (helmet restricted)
rElec    +         Reflect  .   (no cloak)
rCorr    .         Harm     .   (no gloves)
MR       .....                  (no boots)
Stlth    +.........             (no amulet)
HPRegen  0.18/turn              e - +4 ring of strength
MPRegen  0.11/turn              q - ring of see invisible

@: agile
A: horns 1, slimy green scales 2, fire resistance 1, powered by death 2,
MP-powered wands
a: Recall Undead Slaves, Injury Mirror, Animate Dead, Renounce Religion


You were on level 6 of the Dungeon.
You worshipped Yredelemnul.
Yredelemnul was most pleased with you.
You were not hungry.

You visited 1 branch of the dungeon, and saw 6 of its levels.

You collected 166 gold pieces.

Inventory:

Hand Weapons
 a - a +2 trident (weapon)
 w - a +2 spear of piercing
Missiles
 d - 4 throwing nets (quivered)
Armour
 b - a +0 leather armour
 c - a +0 helmet
 o - a +0 ring mail
 s - the +1 scale mail of the Shore (worn) {rElec rC+ rN+}
   (You found it on level 5 of the Dungeon)

   It protects you from cold.
   It insulates you from electricity.
   It protects you from negative energy.
Jewellery
 e - a +4 ring of strength (left hand)
 h - a +3 ring of strength
 q - a ring of see invisible (right hand)
 x - a cursed +5 ring of intelligence
Wands
 i - a wand of polymorph (8)
 n - a wand of random effects (19)
Scrolls
 j - a scroll of random uselessness
 k - 2 scrolls of magic mapping
 m - a scroll of identify
 u - a scroll of teleportation
Potions
 g - 3 potions of curing
 l - a potion of haste
 p - a potion of brilliance
 t - a potion of heal wounds
Comestibles
 f - 13 rations
 v - 2 chunks of flesh


   Skills:
 - Level 2.0 Fighting
 + Level 10.8 Polearms
 - Level 1.7 Throwing
 - Level 2.6 Dodging


You had 7 spell levels left.
You didn't know any spells.
Your spell library was empty.

Dungeon Overview and Level Annotations

Branches:
Dungeon (6/15)             Temple (0/1) D:4

Altars:
Ashenzari
Dithmenos
Elyvilon
Fedhas
Ru
Wu Jian
Yredelemnul
Zin
The Shining One

Shops:
D:5 }   D:6 }

Annotations:
D:3 Grinder


Innate Abilities, Weirdness & Mutations

You have a pair of small horns on your head.
You are mostly covered in slimy green scales. (AC +3)
You regenerate health from kills.
Your flesh is heat resistant. (rF+)
You expend magic power (3 MP) to strengthen your wands.


Message History

You hit the orc wizard.
You kill the orc wizard!
Yredelemnul accepts your kill.
The orc warrior hits you with a +0 short sword!
You hit the orc warrior but do no damage.
The orc warrior is moderately wounded.
You closely miss the orc warrior.
The orc warrior is moderately wounded.
The orc warrior hits you with a +0 short sword!
* * * LOW HITPOINT WARNING * * *
You feel agile all of a sudden. The orc warrior closely misses you.
You hit the orc warrior but do no damage.
The orc warrior is moderately wounded.
The orc warrior misses you.
You hit the orc warrior. You headbutt the orc warrior.
The orc warrior is severely wounded.
The orc warrior hits you with a +0 short sword!
You die...
Your body rises from the dead as a mindless zombie.

# .#
##.#########.#.###
!.................
......)@##.#.#.##
.......o)##.#
...........##.#
...........##.#
.....≈≈≈.)....#
....≈≈≈≈≈).##.#
...≈≈∩Z≈.)##.#
##≈≈.≈≈.....#
#..≈.≈...##.#


You could see an orc warrior and the friendly Dowan the elf zombie.

Vanquished Creatures
  Sigmund (D:3)
  Eustachio (D:4)
  Duvessa (D:6)
  2 necrophages (D:5)
  3 ogres
  2 phantoms (D:6)
  A centaur (D:4)
  A bullfrog (D:6)
  Dowan (D:6)
  2 crimson imps (D:5)
  A centaur zombie (D:6)
  2 orc priests
  A jelly (D:5)
  3 orc wizards
  An iguana (D:4)
  4 worker ants
  Robin (D:3)
  3 gnolls (D:6)
  10 adders
  2 oozes (D:3)
  A worm (D:4)
  A dart slug (D:1)
  2 leopard geckos
  10 orcs
  7 giant cockroaches
  19 goblins
  13 hobgoblins
  12 jackals
  5 quokkas
  A ball python (D:3)
  7 bats
  2 frilled lizards
  10 kobolds
  A leopard gecko skeleton (D:5)
  5 rats
139 creatures vanquished.

Vanquished Creatures (collateral kills)
  An orc wizard (D:4)
  A gnoll shaman (D:6)
  2 orcs (D:4)
4 creatures vanquished.

Vanquished Creatures (others)
  A centaur zombie (D:4)
  An orc wizard (D:6)
  An adder skeleton (D:6)
  A gnoll skeleton (D:6)
  A giant cockroach zombie (D:4)
5 creatures vanquished.

Grand Total: 148 creatures vanquished

Notes
Turn   | Place    | Note
-------+----------+-------------------------------------------
     0 | D:1      | Curus the Demonspawn Gladiator began the quest for the Orb.
     0 | D:1      | Reached XP level 1. HP: 16/16 MP: 1/1
    61 | D:1      | Reached skill level 3 in Polearms
   149 | D:1      | Gained mutation: You are partially covered in slimy green
                  | scales. (AC +2) [demonic ancestry]
   149 | D:1      | Reached XP level 2. HP: 17/22 MP: 2/2
   516 | D:1      | Gained mutation: You regenerate a little health from kills.
                  | [demonic ancestry]
   516 | D:1      | Reached XP level 3. HP: 27/27 MP: 3/3
   823 | D:2      | Found a white marble altar of Elyvilon.
   823 | D:2      | Found a glowing silver altar of Zin.
   824 | D:2      | Found a glowing golden altar of the Shining One.
   876 | D:2      | Gained mutation: Your flesh is heat resistant. (rF+)
                  | [potion of mutation]
   876 | D:2      | Gained mutation: You expend magic power (3 MP) to
                  | strengthen your wands. [potion of mutation]
   975 | D:2      | Reached skill level 4 in Polearms
  1309 | D:2      | Found a basalt altar of Yredelemnul.
  1330 | D:2      | Became a worshipper of Yredelemnul the Dark
  1596 | D:3      | Noticed Robin
  1681 | D:3      | Gained mutation: You are mostly covered in slimy green
                  | scales. (AC +3) [demonic ancestry]
  1681 | D:3      | Reached XP level 4. HP: 33/33 MP: 4/4
  2085 | D:3      | Noticed Grinder
  2133 | D:4      | Reached skill level 5 in Polearms
  2136 | D:4      | Reached * piety under Yredelemnul
  2136 | D:4      | Reached XP level 5. HP: 36/38 MP: 5/5
  2226 | D:4      | Noticed Eustachio
  2259 | D:4      | Killed Eustachio
  2259 | D:4      | Reached skill level 6 in Polearms
  2259 | D:4      | Reached XP level 6. HP: 13/44 MP: 6/6
  2500 | D:3      | Noticed Sigmund
  2518 | D:3      | Killed Sigmund
  2518 | D:3      | Reached skill level 7 in Polearms
  2518 | D:3      | Gained mutation: You have a pair of small horns on your
                  | head. [demonic ancestry]
  2518 | D:3      | Reached XP level 7. HP: 31/50 MP: 7/7
  2606 | D:3      | Found a blossoming altar of Fedhas.
  2882 | D:3      | Killed Robin
  2886 | D:3      | Reached ** piety under Yredelemnul
  3002 | D:4      | Reached skill level 8 in Polearms
  3031 | D:4      | Found a staircase to the Ecumenical Temple.
  3148 | D:4      | Found a sacrificial altar of Ru.
  3288 | D:5      | Entered Level 5 of the Dungeon
  3482 | D:5      | Reached skill level 9 in Polearms
  3482 | D:5      | Gained mutation: You regenerate health from kills. [demonic
                  | ancestry]
  3482 | D:5      | Reached XP level 8. HP: 56/56 MP: 8/8
  3534 | D:5      | Found Meiklyoc's Gadget Shoppe.
  3736 | D:5      | Got a jewelled scale mail
  3805 | D:5      | Found a shattered altar of Ashenzari.
  3806 | D:5      | Found an ornate altar of the Wu Jian Council.
  4021 | D:5      | Identified the +1 scale mail of the Shore {rElec rC+ rN+}
                  | (You found it on level 5 of the Dungeon)
  4055 | D:6      | Found a shadowy altar of Dithmenos.
  4182 | D:6      | Reached skill level 10 in Polearms
  4237 | D:6      | Noticed Duvessa
  4239 | D:6      | Noticed Dowan
  4255 | D:6      | Killed Dowan
  4260 | D:6      | Killed Duvessa
  4276 | D:6      | Found Ver Bug's Gadget Emporium.
  4291 | D:6      | Reached *** piety under Yredelemnul
  4331 | D:6      | Slain by an orc warrior

Levels and vault maps discovered:
D:1:      lemuel_arrival_hallway, layout_basic, minmay_misc_feat_secret_circle
D:2:      layout_basic, good_gods_temple_1, lemuel_coloured_pillars_altar
D:3:      layout_loops_ring, fedhas_altar_4, uniq_robin, uniq_grinder,
          uniq_sigmund
D:4:      layout_loops_ring, minmay_temple_entry_statues_pillars, first_ration,
          nicolae_ru_path_of_blood, uniq_eustachio
D:5:      layout_loops_cross, gammafunk_temple_overflow_statue, serial_shops,
          nicolae_shop_temple_entry_statues_fountains, minmay_door_square
D:6:      layout_basic, serial_shops, nicolae_shop_waterfront,
          grunt_dithmenos_smoke_and_mirrors, uniq_duvessa

Skill      XL: |  1  2  3  4  5  6  7  8 |
---------------+-------------------------+-----
Polearms       | 3 4 5 6 7 9 10 | 10.8
Fighting       | |  2.0
Throwing       | |  1.7
Dodging        | |  2.6

Action                   |  1- 3 |  4- 6 |  7- 9 || total
-------------------------+-------+-------+-------++-------
Melee: Trident           |   170 |   137 |   210 ||   517
       Headbutt          |       |       |    40 ||    40
Invok: Animate Remains   |       |     5 |    14 ||    19
  Use: Scroll            |     4 |     3 |     5 ||    12
       Potion            |     4 |     2 |     3 ||     9
 Stab: Sleeping          |     3 |       |     1 ||     4
  Eat: Chunk             |     3 |     4 |    10 ||    17
Armor: Leather armour    |    70 |    80 |     5 ||   155
       Ring mail         |       |       |    19 ||    19
       Scale mail        |       |       |    29 ||    29
Dodge: Dodged            |   119 |   136 |    81 ||   336
